 Dungeon Crawl Stone Soup version 0.24.1-8-ga250c9d538 (webtiles) character file.

Game seed: 4012603549695204212, levelgen mode: deterministic

384 Descartes the Sneak (level 6, 0/28 HPs)
             Began as a Vine Stalker Enchanter on Apr 27, 2020.
             Killed from afar by an orc wizard (6 damage)
             ... with a magic dart
             ... on level 4 of the Dungeon.
             The game lasted 00:07:19 (3609 turns).

Descartes the Sneak (Vine Stalker Enchanter)        Turns: 3609, Time: 00:07:20

Health: 0/28       AC:  3    Str: 14    XL:     6   Next: 77%
Magic:  0/12       EV: 13    Int: 17    God:
Gold:   139        SH:  0    Dex: 15    Spells: 4/11 levels left

rFire    . . .     SeeInvis .   a - +1 dagger
rCold    . . .     Gourm    .   (no shield)
rNeg     . . .     Faith    .   b - +0 robe
rPois    .         Spirit   +   (no helmet)
rElec    .         Reflect  .   w - +0 cloak
rCorr    .         Harm     .   (no gloves)
MR       .....                  (no boots)
Stlth    +.........             (no amulet)
HPRegen  0.49/turn              r - +4 ring of strength
MPRegen  0.13/turn              (no ring)

@: confused, lethally poisoned (0 -> 0)
A: fangs 2, regeneration 1, magic shield, antimagic bite, no potion heal 3, rot
immunity
a: no special abilities


You were on level 4 of the Dungeon.
You were not hungry.

You visited 1 branch of the dungeon, and saw 4 of its levels.

You collected 139 gold pieces.

Inventory:

Hand Weapons
 a - a +1 dagger (weapon)
 v - a +2 quarterstaff of chaos
 C - a +1 dagger of chaos
 D - a +0 dagger of distortion
Missiles
 g - 5 boomerangs (quivered)
 i - 115 stones
 k - 33 arrows
 u - 4 javelins
 z - 13 poisoned darts
Armour
 b - a +0 robe (worn)
 w - a +0 cloak (worn)
Jewellery
 r - a +4 ring of strength (left hand)
Wands
 B - a wand of flame (8)
Scrolls
 f - 2 scrolls of magic mapping {unknown}
 h - a scroll of fog {unknown}
 j - a scroll of noise {unknown}
 p - 2 scrolls of remove curse
 q - a scroll of teleportation {unknown}
 s - a scroll of identify
 y - a scroll of blinking {unknown}
 E - a scroll of amnesia {unknown}
Potions
 c - 2 potions of might
 e - 2 potions of magic
 l - a potion of flight
 n - a potion of ambrosia
 o - 3 potions of curing
 t - a potion of brilliance {unknown}
 x - 2 potions of haste
Comestibles
 d - 4 rations
 m - 3 chunks of flesh


   Skills:
 + Level 2.7 Short Blades
 + Level 2.8 Dodging
 * Level 5.5 Stealth
 + Level 3.4 Spellcasting
 + Level 0.8 Conjurations
 + Level 4.1 Hexes


You had 4 spell levels left.
You knew the following spells:

 Your Spells              Type           Power        Failure   Level  Hunger
a - Corona                Hex            ###....      3%          1    None
b - Confuse               Hex            ###.....     10%         3    ###....
c - Dazzling Spray        Conj/Hex       ##....       19%         3    ###....

Your spell library contained the following spells:

 Spells                   Type           Power        Failure   Level  Hunger
 Tukima's Dance           Hex            ###.....     10%         3    ###....
 Ensorcelled Hibernation  Hex/Ice        #.....       11%         2    ##.....


Dungeon Overview and Level Annotations

Branches:
Dungeon (4/15)
 Temple: D:4-7

Altars:
Cheibriados
Dithmenos
Yredelemnul
Zin


Innate Abilities, Weirdness & Mutations

You have extremely sharp teeth.
Your natural rate of healing is unusually fast.
When hurt, damage is shared between your health and your magic reserves.
Your bite disrupts and absorbs the magic of your enemies.
Potions cannot restore your health.
You are immune to rotting.


Message History

Deactivating autopickup; reactivate with Ctrl-A.
You feel sick.
You feel sick.
You feel sick.
You feel sick.
The orc wizard hits you with a +0 dagger.
The orc wizard gestures at you while chanting.
The magic dart hits you!
* * * LOW HITPOINT WARNING * * *
You feel sick.
The orc wizard gestures at you while chanting.
The magic dart hits you.
* * * LOW HITPOINT WARNING * * *
You feel sick. The orc wizard casts a spell at you.
You are confused.
You bump into the rock wall.
You feel sick.
The orc wizard gestures at you while chanting.
The magic dart hits you!
You die...

......#.#........#### #.#..#
..##..#..##.........# #.#..# .##
#.##.##.._.....!##### #.#..# .
.##.##.............# #.#..# .
.##o##.............# #.#..#
##..####o##.............# #....#
#......o#....รท........######.##
#.#####.#.............'.......#
#.#.....@.......#####.#.#
#ooo######......# #.#.# #...#
#......# #.#<# #...# ######.#
#.### #...# #.# #.# ##+#.# #.#
#.# #....###########.# #.#
#...>[.....).....#
#..............###


You could see an orc wizard and 2 orcs.

Vanquished Creatures
  The ghost of hasy the Chiller, a weakling MfIE (D:3)
  Crazy Yiuf (D:2)
  2 orc priests
  An orc wizard (D:2)
  Jessica (D:2)
  2 worker ants
  3 adders
  3 oozes
  3 worms
  2 dart slugs (D:2)
  A leopard gecko (D:4)
  17 orcs
  4 giant cockroaches
  10 goblins
  5 hobgoblins
  17 kobolds
  A quokka (D:3)
  2 ball pythons
  4 bats
  5 frilled lizards
  A quokka skeleton (D:4)
  8 rats
94 creatures vanquished.

Notes
Turn   | Place    | Note
-------+----------+-------------------------------------------
     0 | D:1      | Descartes the Vine Stalker Enchanter began the quest for
                  | the Orb.
     0 | D:1      | Reached XP level 1. HP: 9/9 MP: 4/4
    17 | D:1      | Reached skill level 1 in Short Blades
   282 | D:1      | Reached XP level 2. HP: 13/13 MP: 6/6
   928 | D:1      | Reached XP level 3. HP: 16/16 MP: 7/7
  1080 | D:1      | Reached skill level 4 in Stealth
  1617 | D:2      | Noticed Jessica
  1619 | D:2      | Killed Jessica
  1619 | D:2      | Gained mutation: Your natural rate of healing is unusually
                  | fast. [Vine Stalker growth]
  1619 | D:2      | Reached XP level 4. HP: 21/21 MP: 7/9
  1688 | D:2      | Found a runed translucent door.
  1689 | D:2      | Noticed Crazy Yiuf
  1830 | D:2      | Reached XP level 5. HP: 24/24 MP: 8/10
  2010 | D:2      | Killed Crazy Yiuf
  2181 | D:3      | Found a runed translucent gate.
  2277 | D:3      | Learned a level 3 spell: Confuse
  2281 | D:3      | Learned a level 3 spell: Dazzling Spray
  2339 | D:3      | Reached skill level 5 in Stealth
  2339 | D:3      | Reached XP level 6. HP: 13/28 MP: 8/11
  2785 | D:3      | Found a basalt altar of Yredelemnul.
  2862 | D:3      | Found a runed translucent gate.
  2862 | D:3      | Found a runed translucent gate.
  2863 | D:3      | Noticed hasy's ghost (weakling MfIE)
  2918 | D:3      | Killed hasy's ghost
  3096 | D:3      | Found a glowing silver altar of Zin.
  3511 | D:4      | Found a snail-covered altar of Cheibriados.
  3564 | D:4      | Found a shadowy altar of Dithmenos.
  3609 | D:4      | Killed from afar by an orc wizard

Levels and vault maps discovered:
D:1:      dpeg_chamrin_arrival_tetris, layout_basic
D:2:      layout_loops_ring, uniq_jessica, uniq_crazy_yiuf_cottage
D:3:      layout_loops_ring, zin_scriptorium, yredelemnul_altar_generic,
          gammafunk_ghost_nasty_kobolds
D:4:      layout_basic, kennysheep_mini_moat, nicolae_dithmenos_shadow_blocks,
          overflow_temple_1_default, first_ration

Skill      XL: |  1  2  3  4  5  6 |
---------------+-------------------+-----
Short Blades   | 1 2 |  2.7
Stealth        | 4 5 |  5.5
Dodging        | 2 |  2.8
Spellcasting   | 3 |  3.4
Hexes          | 4 |  4.1
Conjurations   | |  0.8

Action                   |  1- 3 |  4- 6 || total
-------------------------+-------+-------++-------
Melee: Dagger            |   101 |   282 ||   383
       Bite              |    25 |    73 ||    98
  Use: Scroll            |       |     7 ||     7
 Stab: Sleeping          |    11 |     6 ||    17
       Distracted        |     1 |       ||     1
  Eat: Chunk             |     2 |     7 ||     9
Armor: Robe              |    12 |    20 ||    32
Dodge: Dodged            |    56 |   146 ||   202
